 Dungeon Crawl Stone Soup version 0.31.0-12-g77e489cdc1 (webtiles) character file.

Game seed: 16595637044654073242

64 RancidPinata the Sneak (level 4, -4/29 HPs)
             Began as a Gargoyle Delver on Feb 25, 2024.
             Splashed by a jelly's acid (9 damage)
             ... on level 4 of the Dungeon.
             The game lasted 00:05:16 (861 turns).

RancidPinata the Sneak (Gargoyle Delver)             Turns: 861, Time: 00:05:17

Health: -4/29      AC:  2    Str: 17    XL:     4   Next: 12%
Magic:  4/4        EV: 11    Int: 11    God:
Gold:   63         SH:  0    Dex: 11    Spells: 3/3 levels left

rFire   . . .        a - +0 mace
rCold   . . .        (no shield)
rNeg    + . .        b - +0 leather armour
rPois   ∞            (no helmet)
rElec   +            (no cloak)
rCorr   .            (no gloves)
SInv    .            (no boots)
Will    .....        (no amulet)
Stlth   +++          (no ring)
HPRegen 0.24/turn    (no ring)
MPRegen 0.09/turn

%: no passive effects
@: corroded
A: sickness immunity, AC +3, negative energy resistance 1, electricity
resistance, torment resistance 1, petrification resistance
a: no special abilities


You were on level 4 of the Dungeon.
You visited 2 branches of the dungeon, and saw 5 of its levels.

You collected 63 gold pieces.

Inventory:

Hand Weapons
 a - a +0 mace (weapon)
Missiles
 k - 7 stones (quivered)
Armour
 b - a +0 leather armour (worn)
Jewellery
 e - a ring of fire
Wands
 g - a wand of digging (3)
Scrolls
 c - a scroll of fog
 d - a scroll of revelation
 i - a scroll of noise {unknown}
 j - a scroll of blinking {unknown}
 l - a scroll of teleportation {unknown}
 m - a scroll of enchant weapon {unknown}
Potions
 f - a potion of haste
 h - a potion of curing {unknown}


   Skills:
 * Level 4.0 Fighting
 + Level 2.4 Maces & Flails
 * Level 1.8 Armour
 + Level 2.0 Dodging
 + Level 5.7 Stealth


You had 3 spell levels left.
You didn't know any spells.
Your spell library was empty.

Dungeon Overview and Level Annotations

Branches:
Dungeon (6/15)             Temple (1/1) D:4

Altars:
Ashenzari
Dithmenos
Gozag
Hepliaklqana
Makhleb
Nemelex Xobeh
Okawaru
Qazlal
Ru
Sif Muna
Uskayaw
Vehumet
Wu Jian
Xom
Yredelemnul
Zin
The Shining One

Annotations:
D:6 Edmund


Innate Abilities, Weirdness & Mutations

You are immune to sickness and miasma.
Your stone body is resilient. (AC +3)
You are immune to poison.
You resist negative energy. (rN+)
You are resistant to electric shocks. (rElec)
You are resistant to unholy torment.
You are immune to petrification.


Message History

The dart slug is heavily wounded.
The dart slug barely misses you.
You hit the dart slug but do no damage.
The dart slug is heavily wounded.
The dart slug launches a dart at you. The slug dart hits you.
You thump the dart slug!
You kill the dart slug!
Your Fighting skill increases to level 4!
You start resting.
HP restored.
You now have 63 gold pieces (gained 16).
h - a fuming grey potion
There is a fountain of clear blue water here.
There is a fountain of clear blue water here.
A jelly comes into view.
The jelly quivers.
You see here a scroll labelled SUUTUM INOPSIORGH.
m - a scroll labelled SUUTUM INOPSIORGH A kobold comes into view.
It is wielding a +0 dagger.
The kobold throws a stone.
The stone hits you but does no damage.
The kobold throws a stone.
The stone hits you but does no damage.
There is a fountain of clear blue water here.
There is a stone staircase leading up here.
There is a stone staircase leading up here.
Found 6 curare-tipped darts.
The jelly attacks as it pursues you! The jelly hits you. The acid corrodes you!
You are splashed with acid!
The jelly attacks as it pursues you! The jelly hits you but does no damage.
Found a stone staircase leading down.
The jelly completely misses you.
The kobold throws a stone.
The stone barely misses you. The jelly attacks as it pursues you!
The jelly closely misses you. The jelly hits you.
You are splashed with acid!
The kobold hits you with a +0 dagger.
* * * LOW HITPOINT WARNING * * *
The jelly attacks as it pursues you! The jelly barely misses you.
The jelly attacks as it pursues you! The jelly hits you.
* * * LOW HITPOINT WARNING * * *
You are splashed with acid!
You die...

######### #......(#
#.......# .. #.......#
..## #KJ.....##
....######@.......#
#...#...............#
#......#####..........>
##...##.............#.#.
......#.............#....
#....#...<.....##......
#.....................
##.#....<......##.....
#.#................#. .


You could see a jelly and a kobold.

Vanquished Creatures
  An orc priest (D:4)
  2 adders
  A dart slug (D:4)
  5 orcs (D:3)
  An endoplasm (D:4)
  A hobgoblin (D:4)
11 creatures vanquished.

Notes
Turn   | Place    | Note
-------+----------+-------------------------------------------
     0 | D:5      | RancidPinata the Gargoyle Delver began the quest for the
                  | Orb.
     0 | D:5      | Reached XP level 1. HP: 14/14 MP: 1/1
    44 | D:6      | Noticed an iguana
    75 | D:6      | Noticed a bullfrog
   102 | D:6      | Noticed Edmund
   191 | D:6      | Noticed an ice beast
   262 | D:5      | Reached XP level 2. HP: 17/19 MP: 2/2
   293 | D:5      | Noticed a scorpion
   510 | D:5      | Noticed a howler monkey
   511 | D:5      | Noticed a scorpion
   535 | D:4      | Reached skill level 1 in Armour
   539 | D:4      | Reached XP level 3. HP: 17/24 MP: 3/3
   544 | D:4      | Found a staircase to the Ecumenical Temple.
   559 | Temple   | Entered the Ecumenical Temple
   691 | D:3      | Reached XP level 4. HP: 11/29 MP: 4/4
   861 | D:4      | Splashed by a jelly's acid

Illustrated notes

Levels and vault maps discovered:
D:3:      layout_loops_ring, kennysheep_generic_room_3, uniq_natasha
D:4:      layout_rooms, minmay_temple_entry_statues_fountains,
          kennysheep_generic_room_8
D:5:      layout_basic
D:6:      layout_basic, grunt_temple_overflow_diamond, uniq_edmund, uniq_grinder
Temple:   nicolae_temple_bog_church

Skill      XL: |  1  2  3  4 |
---------------+-------------+-----
Armour         | 1 |  1.8
Dodging        | 2 |  2.0
Fighting       | 4 |  4.0
Maces & Flails | |  2.4
Stealth        | |  5.7

Action                     |  1- 3 |  4- 6 || total
---------------------------+-------+-------++-------
  Melee: Mace              |    36 |     8 ||    44
         Punch             |     1 |       ||     1
    Use: Scroll            |     1 |       ||     1
         Potion            |     1 |       ||     1
   Stab: Sleeping          |     1 |       ||     1
 Armour: Leather armour    |    50 |    13 ||    63
  Dodge: Dodged            |    60 |    10 ||    70
